[Event "GER-ch Youth U16W 2020"]
[Site "Willingen"]
[Date "2020.10.20"]
[Round "1.3"]
[White "Schneider, Katharina"]
[Black "Schnabel, Luise"]
[Result "0-1"]
[ECO "B90"]
[WhiteElo "1779"]
[BlackElo "1867"]
[Annotator "NA RC"]
[PlyCount "80"]
[EventDate "2020.10.20"]
[EventType "swiss"]
[EventRounds "7"]
[EventCountry "GER"]
[SourceTitle "playchess.com"]
[Source "ChessBase"]
[SourceQuality "1"]
[TimeControl "40/5400+30:1800+30"]

1. e4 c5 2. Nf3 d6 3. d4 cxd4 4. Nxd4 Nf6 5. Nc3 a6 6. f3 e6 7. Be3 b5 8. Qd2 Nbd7 9. g4 Nb6 {[%emt 0:04:05] 9...b4 is a critical line.} 10. h4 {[%emt 0:06:26] B80: Sicilian Scheveningen: 6 g3 and 6 Be3, including English Attack.} Bb7 11. h5 Nfd7 12. g5 Ne5 {[%emt 0:09:50] [#]} 13. Qg2 $146 (13. O-O-O $11) ({Predecessor:} 13. b3 Rc8 14. f4 Ng4 15. Be2 Nxe3 16. Qxe3 Qc7 17. Kd2 d5 18. e5 Bb4 19. Rh3 {½-½ (49) Grunert,W (1653)-Liu,S (1730) Wuerzburg 2018}) 13... Nbc4 14. Bxc4 Nxc4 15. Bc1 d5 16. exd5 Bxd5 17. Nxd5 Qxd5 18. c3 Bc5 19. Rh4 Rd8 20. b3 Ne5 21. Re4 Bxd4 (21... O-O $17 22. h6 g6) 22. cxd4 Nd3+ 23. Ke2 Nb4 24. Bd2 Nc2 $1 {[%emt 0:01:11] Double Attack} 25. Rd1 Nxd4+ 26. Kf2 Nc6 (26... Nf5 $19 {and Black stays clearly on top.} 27. h6 O-O 28. hxg7 Rfe8) 27. Qg4 Ne5 28. Qg3 $2 {[%emt 0:01:09] [#]} (28. Qg2 {was forced.}) 28... Nd3+ $1 29. Kg2 Nb2 30. Re5 Qd7 31. Rde1 Qxd2+ 32. R1e2 Qc1 33. g6 hxg6 34. hxg6 Qh1+ 35. Kf2 Rh2+ 36. Ke3 Nd1+ 37. Kf4 Rh4+ 38. Qg4 Rxg4+ 39. fxg4 Qf1+ 40. Kg3 Rd3+ 0-1

[Event "GER-ch Youth U16W 2020"]
[Site "Willingen"]
[Date "2020.10.20"]
[Round "1.5"]
[White "Kalina, Lena"]
[Black "Rudolph, Eva"]
[Result "0-1"]
[ECO "D08"]
[WhiteElo "1561"]
[BlackElo "1836"]
[Annotator "NA RC"]
[PlyCount "66"]
[EventDate "2020.10.20"]
[EventType "swiss"]
[EventRounds "7"]
[EventCountry "GER"]
[SourceTitle "playchess.com"]
[Source "ChessBase"]
[SourceQuality "1"]
[TimeControl "40/5400+30:1800+30"]

1. d4 d5 2. c4 e5 3. dxe5 d4 4. Nf3 Nc6 5. a3 Nge7 6. e3 (6. b4 $14) 6... Nf5 {[%emt 0:01:16] D07: Queen's Gambit: Chigorin Defence.} 7. exd4 Nfxd4 8. Nxd4 Qxd4 9. Nc3 Be6 {[%emt 0:20:41] [#]} 10. Nb5 $2 $146 ({Predecessor:} 10. Be3 $11 {and White is okay.} Qxe5 11. Be2 Rd8 12. Qa4 a6 13. O-O Bd6 14. g3 O-O 15. Rad1 Bc5 16. Bf4 {1-0 (42) Bocharov,D (2611)-Morozevich,A (2683) Sochi 2016}) 10... Qxd1+ ({Much less strong is} 10... Qxe5+ 11. Qe2 $15) 11. Kxd1 O-O-O+ 12. Kc2 Bf5+ ({Don't do} 12... Nxe5 13. Bf4 $11) (12... a6 $19 13. Nc3 Nd4+ 14. Kb1 Nb3) 13. Kb3 a6 ({But not} 13... Nxe5 14. Bf4 $11) 14. Nc3 Nd4+ 15. Ka2 Nc2 16. Rb1 Be7 (16... Bc5 $11) 17. Bf4 (17. Nd5 $14 Bf8 18. Bg5) 17... c6 18. Rd1 Rxd1 19. Nxd1 Rd8 20. Ne3 Nxe3 21. Bxe3 Rd1 22. g3 $1 Bb1+ 23. Kb3 Kb8 24. Bg2 $2 (24. f4 $11) 24... Rd3+ 25. Ka4 Bc2+ 26. Ka5 {[%emt 0:00:54] [#]} Rb3 (26... Rxe3 $142 $1 27. Rc1 (27. fxe3 Ka7) 27... Rxe5+ 28. Bd5 cxd5 29. Rxc2 dxc4+ {[%mdl 64] Discovered Attack} 30. Ka4 b6 31. Rxc4 b5+ {[%mdl 64] Double Attack} 32. Kb3 bxc4+ 33. Kc3 Re2) 27. Bb6 Rxb2 28. Ra1 Rb3 29. Ra2 Bb1 30. Ra1 Bc2 $11 (30... Bd3 {mates} 31. Be4 Bxe4 32. e6 Bd3 33. exf7 Bxc4 34. f8=Q+ Bxf8 35. Ka4 Rxb6 36. Rb1 Rxb1 37. h3 Rb5 38. h4 Bb3#) 31. Ra2 $1 Bd3 32. c5 Rb5+ 33. Ka4 Bc4 0-1

[Event "GER-ch Youth U16W 2020"]
[Site "Willingen"]
[Date "2020.10.20"]
[Round "1.6"]
[White "Heutling, Elina"]
[Black "Jacoby, Angelina"]
[Result "1-0"]
[ECO "B01"]
[WhiteElo "1873"]
[BlackElo "1630"]
[Annotator "NA RC"]
[PlyCount "57"]
[EventDate "2020.10.20"]
[EventType "swiss"]
[EventRounds "7"]
[EventCountry "GER"]
[SourceTitle "playchess.com"]
[Source "ChessBase"]
[SourceQuality "1"]
[TimeControl "40/5400+30:1800+30"]

1. e4 d5 2. exd5 Qxd5 3. Nc3 Qd8 4. d4 Nf6 5. Nf3 Bg4 6. h3 Bxf3 {[%emt 0:00:37] B01: Scandinavian Defence.} 7. Qxf3 c6 8. Bf4 e6 9. O-O-O Bb4 10. Bc4 {[%emt 0:05:53] [#]} O-O $146 ({Predecessor:} 10... Nbd7 11. Rhe1 Nb6 12. Bb3 Bxc3 13. Qxc3 O-O 14. Qd3 Nbd5 15. Bd2 a5 16. c3 Ne7 {1-0 (29) Zavgorodniaya,A (1986)-Tskhadadze,A (1885) St Petersburg 2015}) 11. g4 Nd5 12. Nxd5 cxd5 13. Bd3 Qd7 14. g5 Rc8 15. h4 Nc6 16. Be3 (16. h5 $16) 16... Be7 (16... Bd6 $14) 17. Rdg1 ({White should play} 17. c3 $16) 17... Nb4 18. Bd2 $1 Nxa2+ (18... Nxd3+ $11 19. Qxd3 Qa4) 19. Kd1 Nb4 {[%emt 0:08:42] [#]} 20. h5 $2 (20. Bxh7+ $1 $18 Kxh7 {[#]} 21. g6+ $1 fxg6 22. h5 g5 23. h6 Rf8 24. hxg7+ Kg8 25. gxf8=Q+ Bxf8 26. Rxg5+ Bg7 27. Qh5) 20... Nxd3 21. Qxd3 Rc7 ({Black should try} 21... Qa4 $17 22. f4 Rc6) 22. g6 fxg6 $2 (22... Bf6 $11) 23. hxg6 h6 24. Bxh6 gxh6 25. Rxh6 Bf6 26. g7 Bxg7 27. Qh7+ Kf8 $18 28. Rf6+ Qf7 29. Rxg7 1-0

[Event "GER-ch Youth U16W 2020"]
[Site "Willingen"]
[Date "2020.10.20"]
[Round "1.7"]
[White "Schwegler, Jelena"]
[Black "Doll, Rebecca"]
[Result "0-1"]
[ECO "C44"]
[WhiteElo "1539"]
[BlackElo "1808"]
[Annotator "NA RC"]
[PlyCount "106"]
[EventDate "2020.10.20"]
[EventType "swiss"]
[EventRounds "7"]
[EventCountry "GER"]
[SourceTitle "playchess.com"]
[Source "ChessBase"]
[SourceQuality "1"]
[TimeControl "40/5400+30:1800+30"]

1. e4 e5 2. Nf3 Nc6 3. d4 exd4 4. Nxd4 Nf6 5. Nxc6 bxc6 6. Qe2 {[%emt 0:00:00] C45: Scotch Game.} Rb8 7. e5 Nd5 8. c4 Bb4+ 9. Bd2 {[%emt 0:06:54] [#]} Ba6 $146 ({Predecessor:} 9... Nf4 $11 {keeps the balance.} 10. Qe3 Ne6 11. Bxb4 Rxb4 12. Qd2 c5 13. Bd3 O-O 14. Nc3 Bb7 15. O-O f6 {½-½ (30) Oglaza,O (2240)-Erenberg,A (2415) Batumi 2018}) 10. Qg4 Bxd2+ (10... Ne7 $16) 11. Nxd2 Ne7 12. b3 ({White must play} 12. Qxg7 $18 Rg8 13. Qxh7 Rxb2 14. Qd3 (14. Ne4 Qb8 $11)) 12... Ng6 13. Be2 (13. Bd3 $1 $14) 13... Qe7 14. O-O O-O 15. f4 Bc8 16. Qf3 Bb7 17. Bd3 Rfe8 (17... f5 $11) 18. Ne4 c5 19. Qg3 Bxe4 20. Bxe4 d6 21. Bc6 Red8 22. exd6 Qxd6 23. Qf3 Ne7 24. Be4 f5 25. Bc2 Qd4+ 26. Kh1 Rd6 27. Rfe1 Rbd8 28. h3 Qb2 29. Rad1 Qf6 30. Rxd6 cxd6 31. Qb7 Ng6 32. Qd5+ Qf7 33. Qxf5 Qxf5 34. Bxf5 Nxf4 35. Kh2 g6 36. Be4 Kg7 37. Bc6 Rf8 38. Re7+ Rf7 39. Rxf7+ (39. Re3 $11) 39... Kxf7 40. Kg3 Nd3 41. a3 Kf6 42. Be4 Nc1 $1 43. b4 Ke5 44. Bd5 (44. bxc5 $17 {was the only defense.} dxc5 45. Bd5) 44... h6 45. Bf7 Kf5 46. Kf3 $2 (46. h4 $11 {and White stays safe.}) 46... cxb4 47. axb4 Nd3 48. b5 $2 (48. Ke3 Nxb4 49. Kd4) 48... Ne5+ {[%emt 0:00:00] Double Attack} 49. Ke3 Nxf7 50. Kd4 $19 Ke6 51. c5 dxc5+ 52. Kxc5 Ne5 53. b6 Nd7+ 0-1

[Event "GER-ch Youth U16W 2020"]
[Site "Willingen"]
[Date "2020.10.20"]
[Round "1.9"]
[White "Klahold, Rona"]
[Black "Brunner, Sophia"]
[Result "0-1"]
[ECO "A45"]
[WhiteElo "1551"]
[BlackElo "1850"]
[Annotator "NA RC"]
[PlyCount "128"]
[EventDate "2020.10.20"]
[EventType "swiss"]
[EventRounds "7"]
[EventCountry "GER"]
[SourceTitle "playchess.com"]
[Source "ChessBase"]
[SourceQuality "1"]
[TimeControl "40/5400+30:1800+30"]

1. d4 Nf6 2. Bf4 g6 3. Nc3 d5 4. Nf3 Bg7 5. e3 O-O 6. Ne2 {[%emt 0:03:41] D00: 1 d4 d5: Unusual lines.} c5 7. Ng3 Qb6 8. Qc1 Nc6 9. c3 {[%emt 0:03:00] [#]} Bg4 $146 ({Predecessor:} 9... Nd7 10. Bd3 f6 11. e4 dxe4 12. Nxe4 cxd4 13. cxd4 Nxd4 14. Qc4+ Ne6 15. Rc1 Nb8 {0-1 (38) Maestre,A-Estremera Panos,S Benidorm 1986}) 10. Ne5 Rac8 11. Nxg4 Nxg4 12. Be2 Nf6 13. Qd2 Rfe8 14. h4 h5 15. Rb1 e6 16. Qd3 (16. O-O $11) 16... e5 ({Better is} 16... cxd4 $17 17. exd4 e5 18. dxe5 Nxe5) 17. dxe5 Nxe5 18. Qb5 Qxb5 19. Bxb5 Re7 20. O-O a6 21. Ba4 Rd8 22. Ne2 b5 23. Bc2 Nc6 24. Rbd1 Red7 25. b3 Ne4 26. f3 Nxc3 27. Nxc3 Bxc3 28. Rd3 Be5 29. Bxe5 Nxe5 30. Rd2 d4 31. exd4 Rxd4 32. Rxd4 Rxd4 33. Re1 f6 34. Rd1 Rxd1+ 35. Bxd1 Kf7 36. Bc2 (36. Kf2 $17) 36... Nc6 37. Kf2 Nb4 38. Bb1 f5 39. Ke3 Nd5+ 40. Kd2 Ke6 41. g3 c4 42. bxc4 bxc4 43. a3 Ke5 44. Bc2 Kd4 45. Ba4 Nc7 46. Bd7 Nb5 $2 (46... c3+ $19 47. Kc2 Nb5) 47. a4 $2 (47. Be8 $17) 47... Nc7 48. Bc8 a5 49. Bd7 c3+ 50. Kc2 Nd5 51. Be8 Nb4+ 52. Kc1 Kd3 53. Bb5+ Ke3 54. f4 Kf3 55. Be8 Kxg3 56. Bxg6 Kxf4 57. Bxh5 Kg3 58. Bg6 f4 59. h5 f3 60. Bf7 Nd3+ 61. Kc2 f2 62. h6 f1=Q 63. h7 Nb4+ 64. Kxc3 Qf6+ 0-1

[Event "GER-ch Youth U16W 2020"]
[Site "Willingen"]
[Date "2020.10.20"]
[Round "1.10"]
[White "Reuter, Elisa"]
[Black "Dohon, Maria-Johanna"]
[Result "1-0"]
[ECO "B14"]
[WhiteElo "1860"]
[BlackElo "1536"]
[Annotator "NA RC"]
[PlyCount "69"]
[EventDate "2020.10.20"]
[EventType "swiss"]
[EventRounds "7"]
[EventCountry "GER"]
[SourceTitle "playchess.com"]
[Source "ChessBase"]
[SourceQuality "1"]
[TimeControl "40/5400+30:1800+30"]

1. e4 c6 2. d4 d5 3. exd5 cxd5 4. c4 Nf6 5. Nc3 e6 6. Nf3 Bb4 7. a3 Bxc3+ $1 8. bxc3 O-O 9. c5 {[%emt 0:07:24] B14: Caro-Kann: Panov-Botvinnik Attack with 5...e6 and 5...g6.} b6 10. cxb6 Qxb6 11. Bd3 Ba6 12. O-O Bxd3 13. Qxd3 Qa6 {[%emt 0:10:11] [#]} 14. Qc2 $146 (14. Qxa6 $15 Nxa6 15. Bf4) ({Predecessor:} 14. Rd1 Qxd3 15. Rxd3 Nbd7 16. a4 a5 17. Nd2 Rfc8 18. f3 Nb6 19. Kf2 Nc4 20. Nb3 {½-½ (39) Lach,A (2209)-Dzikowski,M (2158) Katowice 2018}) 14... Ne4 15. Ne5 Nc6 (15... Rc8 $17 16. Bb2 Nc6 17. Nxc6 Rxc6) 16. f3 Nd6 17. Re1 ({White should try} 17. Nd7 $15) 17... Ne7 (17... Nxe5 $17 18. Rxe5 Rfc8) 18. Bf4 Rac8 19. Nd7 Rfd8 20. Nc5 Qc6 21. Bxd6 Rxd6 22. f4 Ng6 23. Qf2 h6 24. Re3 Rb8 25. Rae1 Qb6 26. g3 Nf8 27. Kg2 Qb2 28. a4 Qxf2+ 29. Kxf2 Rb2+ $11 30. R3e2 Rxe2+ 31. Kxe2 Ng6 32. Rb1 Ne7 33. Rb7 Nc6 34. Rc7 a5 35. Nb7 1-0

[Event "GER-ch Youth U16W 2020"]
[Site "Willingen"]
[Date "2020.10.21"]
[Round "2.2"]
[White "Schnabel, Luise"]
[Black "Heutling, Elina"]
[Result "1/2-1/2"]
[ECO "C68"]
[WhiteElo "1867"]
[BlackElo "1873"]
[Annotator "NA RC"]
[PlyCount "78"]
[EventDate "2020.10.20"]
[EventType "swiss"]
[EventRounds "7"]
[EventCountry "GER"]
[SourceTitle "playchess.com"]
[Source "ChessBase"]
[SourceQuality "1"]
[TimeControl "40/5400+30:1800+30"]

1. e4 e5 2. Nf3 Nc6 3. Bb5 a6 4. Bxc6 dxc6 5. O-O Qf6 6. d3 {[%emt 0:02:33] C68: Ruy Lopez: Exchange Variation, sidelines.} Ne7 7. Nbd2 Bg4 8. h3 Bh5 ({Better is} 8... h5 $11) 9. Nc4 (9. b4 $14) 9... Bxf3 $1 10. Qxf3 Qxf3 11. gxf3 Ng6 {[%emt 0:00:32] [#]} 12. Rd1 $146 ({Predecessor:} 12. Be3 f6 13. Rfd1 c5 14. Kf1 Bd6 15. Ke2 Kf7 16. c3 b6 17. Rac1 Rhd8 18. d4 exd4 19. cxd4 {1-0 (31) Meijers,V (2512)-Erker,T (2135) Forchtenberg 2003}) 12... O-O-O 13. Kf1 b5 14. Na5 Rd6 15. Ke2 Be7 16. Be3 Rhd8 17. Rg1 Bf8 18. Rad1 h6 19. c3 Nf4+ (19... c5 $1 $11) 20. Bxf4 $1 exf4 21. Nb3 Kb7 22. Rg4 g5 23. Nd4 c5 24. Nf5 Rb6 25. h4 f6 26. d4 b4 27. Rgg1 a5 28. h5 c4 29. Rd2 Ka7 30. Rgd1 Rdb8 31. d5 bxc3 32. bxc3 Rb2 33. Nd4 Ka6 (33... Rxd2+ $11 34. Rxd2 Rb1) 34. Nc6 ({White should play} 34. a4 $1 $14) 34... Rxd2+ 35. Rxd2 Rb1 36. Rd1 Rb2+ 37. Rd2 Rb1 $11 38. Rd1 Rb2+ 39. Rd2 Rb1 1/2-1/2

[Event "GER-ch Youth U16W 2020"]
[Site "Willingen"]
[Date "2020.10.21"]
[Round "2.4"]
[White "Rudolph, Eva"]
[Black "Reuter, Elisa"]
[Result "1/2-1/2"]
[ECO "B35"]
[WhiteElo "1836"]
[BlackElo "1860"]
[Annotator "NA RC"]
[PlyCount "105"]
[EventDate "2020.10.20"]
[EventType "swiss"]
[EventRounds "7"]
[EventCountry "GER"]
[SourceTitle "playchess.com"]
[Source "ChessBase"]
[SourceQuality "1"]
[TimeControl "40/5400+30:1800+30"]

1. e4 c5 2. Nf3 Nc6 3. d4 cxd4 4. Nxd4 g6 5. Nc3 Bg7 6. Be3 Nf6 7. Bc4 Qa5 8. O-O O-O 9. Bb3 d6 10. h3 Bd7 11. Re1 Rac8 12. Qd2 Rfe8 13. Rad1 {[%emt 0:02:02] B35: Sicilian: Accelerated Dragon with 5 Nc3: main line.} Nh5 {[%emt 0:07:43] [#]} 14. Nd5 $146 ({Predecessor:} 14. a3 Nxd4 15. Bxd4 Bc6 16. Qe3 Bxd4 17. Rxd4 Qe5 18. Nd5 Bxd5 19. exd5 Qxe3 20. Rxe3 Kf8 {½-½ (28) Bergmann,M (2457)-Noire,E (2393) LSS email 2010}) 14... Qxd2 15. Rxd2 Nxd4 16. Bxd4 Bxd4 17. Rxd4 Bc6 18. c3 Ng7 19. Nb4 Red8 20. e5 Nf5 21. Rdd1 e6 22. Bc2 a5 23. Nxc6 Rxc6 24. Bxf5 gxf5 25. Rd4 d5 26. Red1 Rdc8 27. Kf1 Rc4 28. Ke2 Kf8 29. Ke3 Ke7 30. Rxc4 Rxc4 31. Rd4 $1 Rxd4 32. Kxd4 Kd7 33. Kc5 Kc7 34. b4 axb4 $1 35. Kxb4 (35. c4 $16) 35... Kc6 36. a4 b6 37. f4 h5 38. h4 Kc7 39. Kb5 Kb7 40. a5 bxa5 41. Kxa5 Ka7 42. Kb5 Kb7 43. Kc5 Kc7 44. g3 Kd7 45. Kb6 Kd8 46. Kb7 Kd7 47. Kb6 Kd8 48. Kc6 Kc8 49. Kd6 Kd8 50. Kc5 Kc7 51. c4 dxc4 $11 52. Kd4 Kb6 53. Kxc4 1/2-1/2

[Event "GER-ch Youth U16W 2020"]
[Site "Willingen"]
[Date "2020.10.21"]
[Round "2.5"]
[White "Bardorz, Jana"]
[Black "Basovskiy, Jana"]
[Result "1-0"]
[ECO "B40"]
[WhiteElo "1960"]
[BlackElo "1760"]
[Annotator "RC"]
[PlyCount "67"]
[EventDate "2020.10.20"]
[EventType "swiss"]
[EventRounds "7"]
[EventCountry "GER"]
[SourceTitle "playchess.com"]
[Source "ChessBase"]
[SourceQuality "1"]
[TimeControl "40/5400+30:1800+30"]

1. e4 c5 2. Nf3 e6 3. d4 cxd4 4. Nxd4 Nf6 5. Nc3 Nc6 6. Ndb5 Bc5 7. Nd6+ Ke7 8. Bf4 e5 9. Nf5+ Kf8 10. Bg5 Bb4 11. Bc4 h6 12. Bxf6 Qxf6 13. Ne3 Bxc3+ 14. bxc3 d6 15. O-O Bd7 16. Rb1 b6 17. Qd3 Rd8 18. Bd5 Ne7 19. Kh1 Be6 20. a4 h5 21. a5 bxa5 22. f3 g5 23. Rb7 Ng6 24. Rxa7 Nf4 25. Qd2 Qh6 26. Nf5 Qf6 27. c4 g4 28. Qxa5 Nxd5 29. cxd5 Bxf5 30. fxg4 hxg4 31. Rxf5 Rxh2+ 32. Kxh2 Qh4+ 33. Kg1 Rb8 34. Rfxf7+ 1-0

[Event "GER-ch Youth U16W 2020"]
[Site "Willingen"]
[Date "2020.10.21"]
[Round "2.6"]
[White "Falke, Ornella"]
[Black "Yue, Qizhou"]
[Result "0-1"]
[ECO "B28"]
[WhiteElo "1500"]
[BlackElo "1775"]
[Annotator "NA RC"]
[PlyCount "102"]
[EventDate "2020.10.20"]
[EventType "swiss"]
[EventRounds "7"]
[EventCountry "GER"]
[SourceTitle "playchess.com"]
[Source "ChessBase"]
[SourceQuality "1"]
[TimeControl "40/5400+30:1800+30"]

1. e4 c5 2. Nf3 a6 3. c4 Nc6 4. d4 cxd4 5. Nxd4 e5 6. Nc2 Nf6 7. Nc3 Bc5 8. Bg5 h6 9. Bh4 d6 10. Be2 Be6 11. O-O g5 12. Bg3 Nd4 13. Bd3 Rc8 14. Ne3 h5 15. h4 Ng4 16. Nf5 Bxf5 17. exf5 gxh4 18. Bh2 Rg8 19. Be4 Nc6 20. Qd3 Qb6 21. Qd2 Nf6 22. Qh6 Bxf2+ 23. Kh1 Ng4 24. Qh7 Kf8 25. Nd5 Qd8 26. f6 Bd4 27. Qxh5 Nf2+ 28. Rxf2 Bxf2 29. Qh6+ Ke8 30. Bh7 Rf8 31. Rf1 Bd4 32. Qxh4 Bc5 33. Rf3 Nd4 34. Rg3 Ne6 35. Ne7 Bf2 36. Nxc8 Bxg3 37. Bxg3 Qxc8 38. Bf5 Kd8 39. Qh6 Kc7 40. Qd2 Rh8+ 41. Kg1 Qd8 42. Qd5 Qxf6 43. Be4 Nc5 44. Bf3 Qe6 45. b4 Qxd5 46. Bxd5 Nd3 47. Bxf7 Nxb4 48. Be1 Nd3 49. Bc3 Rf8 50. Bg6 Nf4 51. Ba5+ b6 0-1

[Event "GER-ch Youth U16W 2020"]
[Site "Willingen"]
[Date "2020.10.21"]
[Round "2.7"]
[White "Cheredzhiyska, Iva"]
[Black "Schwegler, Jelena"]
[Result "1-0"]
[ECO "B34"]
[WhiteElo "1674"]
[BlackElo "1539"]
[Annotator "NA RC"]
[PlyCount "47"]
[EventDate "2020.10.20"]
[EventType "swiss"]
[EventRounds "7"]
[EventCountry "GER"]
[SourceTitle "playchess.com"]
[Source "ChessBase"]
[SourceQuality "1"]
[TimeControl "40/5400+30:1800+30"]

1. e4 c5 2. Nf3 g6 3. d4 cxd4 4. Nxd4 Nc6 5. Nxc6 bxc6 6. Nc3 Bg7 7. Bd3 e6 8. O-O Nf6 9. Kh1 d5 10. e5 Nd7 11. f4 O-O 12. Qe2 Rb8 13. b3 Re8 14. Ba3 f6 15. Bd6 Ra8 16. Rae1 fxe5 17. fxe5 Qa5 18. Qf3 Qd8 19. Qf7+ Kh8 20. Bxg6 hxg6 21. Rf3 Nf8 22. Bxf8 Rxf8 23. Rh3+ Bh6 24. Rxh6# 1-0

[Event "GER-ch Youth U16W 2020"]
[Site "Willingen"]
[Date "2020.10.21"]
[Round "2.8"]
[White "Jacoby, Angelina"]
[Black "Schneider, Katharina"]
[Result "0-1"]
[ECO "A05"]
[WhiteElo "1630"]
[BlackElo "1779"]
[Annotator "NA RC"]
[PlyCount "96"]
[EventDate "2020.10.20"]
[EventType "swiss"]
[EventRounds "7"]
[EventCountry "GER"]
[SourceTitle "playchess.com"]
[Source "ChessBase"]
[SourceQuality "1"]
[TimeControl "40/5400+30:1800+30"]

1. Nf3 Nf6 2. g3 d5 3. Bg2 c5 4. c4 e6 5. O-O Nc6 6. d3 Be7 7. b3 O-O 8. Bb2 d4 9. e3 e5 10. e4 Ne8 11. Re1 Qc7 12. Qe2 a5 13. Na3 Na7 14. Bc1 Bd6 15. Bd2 Bd7 16. Ng5 f6 17. Nf3 Rb8 18. Rab1 b6 19. Kh1 Qc8 20. Kg1 Nc7 21. Nh4 Na6 22. Rf1 Nb4 23. Rb2 g5 24. Nf3 Bg4 25. Bc1 h6 26. Qd2 Kf7 27. h4 Rh8 28. Nh2 gxh4 29. gxh4 Bh3 30. f3 Bxg2 31. Kxg2 Rg8+ 32. Kh1 Qh3 33. Qxh6 Nxd3 34. Qh5+ Ke6 35. Re2 Rh8 36. Qg4+ Qxg4 37. Nxg4 Rxh4+ 38. Kg2 Rg8 39. Rd2 Nf4+ 40. Kf2 f5 41. exf5+ Kxf5 42. Ke1 Rgh8 43. Rd1 e4 44. Bxf4 Bxf4 45. Nf2 exf3 46. Nd3 Re8+ 47. Kf2 Rh2+ 48. Kxf3 Re3# 0-1

[Event "GER-ch Youth U16W 2020"]
[Site "Willingen"]
[Date "2020.10.21"]
[Round "2.9"]
[White "Pavlov, Liliane"]
[Black "Klahold, Rona"]
[Result "1-0"]
[ECO "D70"]
[WhiteElo "1744"]
[BlackElo "1551"]
[Annotator "NA RC"]
[PlyCount "65"]
[EventDate "2020.10.20"]
[EventType "swiss"]
[EventRounds "7"]
[EventCountry "GER"]
[SourceTitle "playchess.com"]
[Source "ChessBase"]
[SourceQuality "1"]
[TimeControl "40/5400+30:1800+30"]

1. d4 d5 2. c4 c6 3. Nf3 Nf6 4. Nbd2 Bf5 5. Nh4 Bg6 6. Qb3 Qb6 7. Qh3 Nbd7 8. Nxg6 fxg6 9. e3 Qc7 10. Bd3 e5 11. Bxg6+ Kd8 12. O-O Qd6 13. c5 Qe7 14. Bd3 Kc7 15. b4 e4 16. Be2 b6 17. Qg3+ Kd8 18. a4 Qe6 19. Ba3 bxc5 20. bxc5 Ke7 21. Rac1 Kf7 22. f3 exf3 23. Rxf3 Be7 24. e4 dxe4 25. Bc4 exf3 26. Bxe6+ Kxe6 27. Nxf3 Kf7 28. Ng5+ Kg6 29. h4 h6 30. Qd3+ Kh5 31. Qf5 Rhg8 32. Ne6+ g5 33. Nf4+ 1-0

[Event "GER-ch Youth U16W 2020"]
[Site "Willingen"]
[Date "2020.10.21"]
[Round "2.10"]
[White "Dohon, Maria-Johanna"]
[Black "Kalina, Lena"]
[Result "0-1"]
[ECO "A49"]
[WhiteElo "1536"]
[BlackElo "1561"]
[Annotator "NA RC"]
[PlyCount "94"]
[EventDate "2020.10.20"]
[EventType "swiss"]
[EventRounds "7"]
[EventCountry "GER"]
[SourceTitle "playchess.com"]
[Source "ChessBase"]
[SourceQuality "1"]
[TimeControl "40/5400+30:1800+30"]

1. d4 Nf6 2. Nf3 g6 3. g3 Bg7 4. Bg2 O-O 5. O-O d6 6. b3 c5 7. Bb2 Nfd7 8. Qc1 Nc6 9. dxc5 Nxc5 10. Bxg7 Kxg7 11. Rd1 Bf5 12. Nd4 Nxd4 13. Rxd4 Qb6 14. Qb2 Kg8 15. Na3 Rac8 16. Nc4 Qc7 17. a4 b6 18. f3 Nb7 19. e4 Be6 20. Kh1 Na5 21. Ne3 Qc3 22. Qxc3 Rxc3 23. b4 Nc6 24. Rd3 Rxd3 25. cxd3 Nxb4 26. Bf1 Rc8 27. Nc4 Nc2 28. Rb1 Rc5 29. Rb5 Rxb5 30. axb5 Bd7 31. Kg1 Bxb5 32. Kf2 Bc6 33. Be2 Nb4 34. Nb2 b5 35. Bd1 a5 36. Ke3 a4 37. Nxa4 bxa4 38. Kd2 a3 39. Bb3 a2 40. Bxa2 Nxa2 41. Ke3 Kg7 42. f4 Nb4 43. h3 e5 44. fxe5 dxe5 45. d4 Nc2+ 46. Kd3 Nxd4 47. g4 Nf3 0-1

[Event "GER-ch Youth U16W 2020"]
[Site "Willingen"]
[Date "2020.10.21"]
[Round "3.3"]
[White "Reuter, Elisa"]
[Black "Schnabel, Luise"]
[Result "1-0"]
[ECO "B03"]
[WhiteElo "1860"]
[BlackElo "1867"]
[Annotator "NA RC"]
[PlyCount "61"]
[EventDate "2020.10.20"]
[EventType "swiss"]
[EventRounds "7"]
[EventCountry "GER"]
[SourceTitle "playchess.com"]
[Source "ChessBase"]
[SourceQuality "1"]
[TimeControl "40/5400+30:1800+30"]

1. e4 Nf6 2. e5 Nd5 3. d4 d6 4. exd6 cxd6 5. c4 Nb6 6. Nc3 g6 7. Be3 Bg7 8. Rc1 O-O 9. b3 Nc6 10. d5 Ne5 11. Be2 h5 12. h3 {[%emt 0:03:25] B03: Alekhine's Defence: Four Pawns Attack.} e6 13. dxe6 Bxe6 14. Nf3 Rc8 15. O-O {[%emt 0:04:25] [#]} f5 $146 (15... Nc6 $16 {was worth a try.}) ({Predecessor:} 15... a6 16. Qd2 Na8 17. Rfd1 Qa5 18. Nd5 Qxd2 19. Rxd2 Rfe8 20. Rcd1 Bxd5 21. Rxd5 Bf8 {1-0 (47) Bochnicka,V (2052)-Schnabel,L (1772) Kouty nad Desnou 2018}) 16. Qd2 Qe7 17. Nb5 Rcd8 18. Nxa7 Nbd7 19. Nb5 Nc5 20. Bg5 Bf6 21. Bxf6 Rxf6 22. Nc3 Rff8 23. Nd4 Bf7 24. f4 Nc6 25. Bf3 Qd7 26. Nd5 $18 Bxd5 27. Bxd5+ Kh7 28. Nf3 Ne7 29. Ng5+ Kg7 30. b4 Nxd5 31. Qxd5 1-0

[Event "GER-ch Youth U16W 2020"]
[Site "Willingen"]
[Date "2020.10.21"]
[Round "3.4"]
[White "Yue, Qizhou"]
[Black "Rudolph, Eva"]
[Result "0-1"]
[ECO "C08"]
[WhiteElo "1775"]
[BlackElo "1836"]
[Annotator "NA RC"]
[PlyCount "84"]
[EventDate "2020.10.20"]
[EventType "swiss"]
[EventRounds "7"]
[EventCountry "GER"]
[SourceTitle "playchess.com"]
[Source "ChessBase"]
[SourceQuality "1"]
[TimeControl "40/5400+30:1800+30"]

1. e4 e6 2. d4 d5 3. Nd2 c5 4. exd5 exd5 5. Ngf3 Nf6 6. Bd3 {[%emt 0:01:10] C08: French Tarrasch: 3...c5 4 exd5 exd5 sidelines.} c4 7. Be2 Nc6 8. O-O Bd6 9. Re1 O-O 10. Nf1 {[%emt 0:02:07] [#]} Ne4 $146 ({Predecessor:} 10... h6 11. Ne3 Be6 12. c3 b5 13. g3 Qc7 14. Ng2 Rfe8 15. Bf4 Bf5 16. Nfh4 Bh7 17. Bxd6 Qxd6 {½-½ (75) Jakhari,A (1936)-Budzisz,A (1901) Suwalki 2020}) 11. c3 Bf5 (11... f5 $17) 12. Ne3 Be6 13. Bxc4 Bc7 (13... dxc4 $11 {keeps the balance.} 14. d5 Ne5 15. dxe6 Nd3 {[%mdl 64] Double Attack} 16. Nxc4 Nexf2) 14. Bd3 f5 15. Nf1 Qf6 16. Ng3 Kh8 17. Nh5 Qf7 18. Ng5 Nxg5 19. Bxg5 f4 20. Qf3 Bf5 21. Nxf4 Bxf4 22. Bxf4 Bxd3 23. Qxd3 Qxf4 24. Re2 Rae8 25. f3 Qf7 26. Rae1 Kg8 27. Qb5 Rxe2 28. Qxe2 Rc8 29. a3 Rc7 30. Qd3 Re7 31. Rxe7 Qxe7 32. Kf1 Qd7 33. b4 Ne7 34. c4 dxc4 35. Qxc4+ $19 Qd5 36. Qxd5+ Nxd5 37. Ke2 Kf7 38. g3 Ke6 39. Kd3 b5 40. f4 Kf5 41. h3 h5 42. h4 g6 0-1